 Dungeon Crawl Stone Soup version 0.31-a0-1068-g5939ac1fb6 (webtiles) character file.

Game seed: 6747370803052938616

539 graki42 the Magician (level 7, -2/36 HPs)
             Began as a Deep Elf Conjurer on Nov 23, 2023.
             Was an Initiate of Vehumet.
             Slain by an ice beast (6 damage)
             ... on level 5 of the Dungeon on Nov 24, 2023.
             The game lasted 00:13:02 (4554 turns).

graki42 the Magician (Deep Elf Conjurer)            Turns: 4554, Time: 00:13:03

Health: -2/36      AC:  3    Str:  1    XL:     7   Next: 5%
Magic:  11/19      EV: 17    Int: 26    God:    Vehumet [......]
Gold:   307        SH:  0    Dex: 13    Spells: 13/20 levels left

rFire   + . .        j - staff of fire
rCold   . . .        (no shield)
rNeg    . . .        a - +0 robe
rPois   +            (no helmet)
rElec   .            (no cloak)
rCorr   .            h - +0 pair of gloves
SInv    .            (no boots)
Will    +....        (no amulet)
Stlth   ++           i - ring "Yfosuciw" {rPois Will+ EV+5 Str-5 Int+3}
HPRegen 0.26/turn    (no ring)
MPRegen 0.16/turn

%: no passive effects
@: no status effects
A: no striking features
a: Renounce Religion


You were on level 5 of the Dungeon.
You worshipped Vehumet.
Vehumet was noncommittal.
You visited 1 branch of the dungeon, and saw 5 of its levels.
You also visited: Sewer.

You collected 307 gold pieces.

Inventory:

Missiles
 l - a throwing net
Armour
 a - a +0 robe (worn)
 h - a +0 pair of gloves (worn)
Magical Staves
 j - a staff of fire (weapon)
Jewellery
 i - the ring "Yfosuciw" (left hand) {rPois Will+ EV+5 Str-5 Int+3}
   (You found it on level 2 of the Dungeon)

   [ring of evasion]

   EV+5:      It affects your evasion (+5).
   Str-5:     It affects your strength (-5).
   Int+3:     It affects your intelligence (+3).
   rPois:     It protects you from poison Will+: It increases your willpower.
 r - an amulet of faith
Wands
 n - a wand of polymorph (3)
Scrolls
 e - a scroll of teleportation
 m - a scroll of vulnerability {unknown}
 p - a scroll of brand weapon {unknown}
 q - a scroll of identify {unknown}
Potions
 b - 2 potions of magic
 c - 3 potions of haste {unknown}
 d - a potion of mutation {unknown}
 f - 2 potions of degeneration {unknown}
 g - 2 potions of enlightenment {unknown}
 k - 3 potions of curing {unknown}
 o - a potion of heal wounds {unknown}


   Skills:
 - Level 3.0 Dodging
 - Level 3.0 Stealth
 + Level 7.0 Spellcasting
 + Level 6.8 Conjurations
 + Level 2.7 Hexes


You had 13 spell levels left.
You knew the following spells:

 Your Spells              Type           Power      Damage    Failure   Level
a - Magic Dart            Conj           100%       1d8       1%          1
b - Searing Ray           Conj           88%        2d7       1%          2
c - Fulminant Prism       Conj/Hex       17%        3d10      9%          4

Your spell library contained the following spells:

 Spells                   Type           Power      Damage    Failure   Level
 Dazzling Flash           Conj/Hex       68%        N/A       2%          3
 Jinxbite                 Hex            46%        N/A       3%          2
 Apportation              Tloc           18%        N/A       6%          1
 Necrotise                Necr           36%        1d5       6%          1
 Summon Small Mammal      Summ           36%        N/A       6%          1
 Iskenderun's Mystic Bla  Conj/Tloc      26%        2d7       16%         4
 Sticky Flame             Conj/Fire      40%        2d6       16%         4
 Ignite Poison            Fire/Tmut/Pois 13%        N/A       19%         3
 Vampiric Draining        Necr           9%         2d6       19%         3
 Agony                    Necr           9%         N/A       86%         5
 Alistair's Intoxication  Tmut/Pois      6%         N/A       86%         5
 Ignition                 Fire           6%         3d4       100%        8


Dungeon Overview and Level Annotations

Branches:
Dungeon (5/15)              Sewer (visited)
 Temple: D:4-7

Altars:
Qazlal
Ru
Uskayaw
Vehumet
Zin

Shops:
D:4 [


Message History

The searing ray hits the adder!
You kill the adder!
Vehumet accepts your kill.
Found an orcbow.
You see here a +0 orcbow.
An ice beast comes into view.
Found a stone staircase leading up.
Casting: Searing Ray (safe; 1% risk of failure)
Confirm with . or Enter, or press ? or * to list all spells.
Aiming: Searing Ray (safe; 1% risk of failure)
Press: ? - help, Shift-Dir - straight line, f - ice beast
Aim: an ice beast (82% to hit)
The searing ray hits the ice beast.
The ice beast is lightly wounded. (Press . to maintain the ray.)
The searing ray hits the ice beast.
The ice beast is moderately wounded.
The ice beast hits you. The ice beast freezes you!
The searing ray misses the ice beast.
The ice beast hits you but does no damage.
The searing ray hits the ice beast.
The ice beast is heavily wounded.
You finish channelling your searing ray.
The ice beast hits you. The ice beast freezes you.
Casting: Searing Ray (safe; 1% risk of failure)
Confirm with . or Enter, or press ? or * to list all spells.
Aiming: Searing Ray (safe; 1% risk of failure)
Press: ? - help, Shift-Dir - straight line, f/p - ice beast
Aim: an ice beast (heavily wounded, 82% to hit)
The searing ray hits the ice beast.
The ice beast is severely wounded. (Press . to maintain the ray.)
The ice beast barely misses you.
The searing ray misses the ice beast.
The ice beast hits you. The ice beast freezes you!
* * * LOW HITPOINT WARNING * * *
The searing ray misses the ice beast.
The ice beast hits you.
* * * LOW HITPOINT WARNING * * *
The ice beast freezes you.
You die...

##...## #..... #.#
#.# ##.....# #.....
#.# #.# .......#
#.....# #.# #.#
[#..>..# ##...##
#.# #.#
.##...##.####.###
#.# #..
.###.###..... .?#
#.#######..
..#.#.##..#
#.######.< ........
..###....#
#......... ######..
..#.#.###.#
#.@Y...... #..
.###.## #.#
#.###############<.
.....<# #.#####.#
#........
####..###.......#
#..####..
#..........### #..
#.#######.## #..
#.# ##.## #.. #.#
#.).## #.. #.#
#....# #.#


You could see an ice beast.

Vanquished Creatures
  Pargi (Sewer)
  A phantom (D:4)
  A howler monkey (D:4)
  2 iguanas
  An orc wizard (D:4)
  A gnoll (D:1)
  3 river rats (D:4)
  10 adders
  2 worms
  2 dart slugs
  3 orcs (D:4)
  7 endoplasms
  6 giant cockroaches
  13 goblins
  8 hobgoblins
  8 jackals
  6 quokkas
  18 ball pythons
  4 bats
  6 frilled lizards
  8 kobolds
  7 rats
118 creatures vanquished.

Notes
Turn   | Place    | Note
-------+----------+-------------------------------------------
     0 | D:1      | graki42 the Deep Elf Conjurer began the quest for the Orb.
     0 | D:1      | Reached XP level 1. HP: 10/10 MP: 6/6
   171 | D:1      | Reached XP level 2. HP: 15/15 MP: 0/8
   297 | D:1      | Learned a level 2 spell: Searing Ray
   372 | D:1      | Reached XP level 3. HP: 19/19 MP: 5/10
   697 | D:1      | Reached skill level 4 in Spellcasting
  1028 | D:1      | Reached skill level 5 in Conjurations
  1400 | D:2      | Reached XP level 4. HP: 24/24 MP: 9/12
  1504 | D:2      | Found a faded altar of an unknown god.
  1547 | D:2      | Found a hide-covered altar of Uskayaw.
  1620 | D:2      | Identified the ring "Yfosuciw" {rPois Will+ EV+5 Str-5
                  | Int+3}
  2165 | D:3      | Reached skill level 5 in Spellcasting
  2329 | D:3      | Reached XP level 5. HP: 28/28 MP: 11/14
  2960 | D:4      | Found a glowing drain.
  2966 | Sewer    | Entered a sewer
  3029 | Sewer    | Noticed Pargi
  3038 | Sewer    | Killed Pargi
  3039 | Sewer    | Reached skill level 6 in Spellcasting
  3039 | Sewer    | Reached XP level 6. HP: 22/32 MP: 4/17
  3129 | Sewer    | Learned a level 4 spell: Fulminant Prism
  3319 | D:4      | Found a glowing silver altar of Zin.
  3633 | D:4      | Reached skill level 1 in Hexes
  3782 | D:4      | Found a stormy altar of Qazlal.
  3783 | D:4      | Noticed a fire elemental
  3785 | D:4      | Noticed an air elemental
  3785 | D:4      | Noticed a water elemental
  4188 | D:4      | Found Lab Ynah's Antique Armour Boutique.
  4255 | D:4      | Found a large runed translucent door.
  4258 | D:4      | Found a large runed translucent door.
  4266 | D:4      | Found a radiant altar of Vehumet.
  4272 | D:4      | Became a worshipper of Vehumet
  4291 | D:4      | Found a sacrificial altar of Ru.
  4394 | D:5      | Entered Level 5 of the Dungeon
  4434 | D:5      | Reached skill level 7 in Spellcasting
  4434 | D:5      | Reached XP level 7. HP: 36/36 MP: 13/19
  4554 | D:5      | Slain by an ice beast

Illustrated notes

Levels and vault maps discovered:
D:1:      ncdulo_halloftheorcs, layout_basic, chequers_serial_rivers_micro_d,
          minmay_misc_feat_doors, minmay_3d_cube
D:2:      layout_loops_ring, ebering_ecumenical_altar_rust, basic_altar,
          nicolae_houndstooth_variations
D:3:      layout_basic
D:4:      layout_gridville, nicolae_qazlal_style_of_elements,
          mainiacjoe_overflow_paths, jmf_multi_god_temple2, serial_shops,
          nicolae_shop_just_a_little_nook, portal_sewer_entry_e,
          grunt_ministairs_7, minivault_4
D:5:      layout_loops_ring, nicolae_uskayaw_dance_hall,
          minmay_temple_entry_glass

Skill      XL: |  1  2  3  4  5  6 |
---------------+-------------------+-----
Stealth        | 3 |  3.0
Dodging        | 3 |  3.0
Spellcasting   | 4 5 6 7 |  7.0
Conjurations   | 5 6 |  6.8
Hexes          | 2 |  2.7

Action                     |  1- 3 |  4- 6 |  7- 9 || total
---------------------------+-------+-------+-------++-------
  Melee: Unarmed           |    12 |       |       ||    12
   Cast: Magic Dart        |    80 |    97 |       ||   177
         Searing Ray       |       |    21 |     3 ||    24
    Use: Scroll            |       |     2 |       ||     2
 Armour: Robe              |     9 |    12 |     5 ||    26
  Dodge: Dodged            |     8 |    32 |     1 ||    41

Table legend: (Time is in decaauts)
 A = Elapsed time spent in this place.
 B = Non-inter-level travel time spent in this place.
 C = Inter-level travel time spent in this place.
 D = Time resting spent in this place.
 E = Time spent auto-exploring this place.
 F = Levels seen in this place.
 G = Mean time per level.
                   A        B        C        D        E       F      G
               +--------+--------+--------+--------+--------+-----+--------+
         Total |   4555 |   4478 |     77 |    196 |   3750 |   6 |  759.2 |
       Dungeon |   4229 |   4152 |     77 |     74 |   3588 |   5 |  845.8 |
         Sewer |    325 |    325 |      0 |    122 |    162 |   1 |  325.0 |
               +--------+--------+--------+--------+--------+-----+--------+

Top non-repeatable levels by time:
     D:4: 1210 daAuts
     D:1: 1182 daAuts
     D:3: 842 daAuts
     D:2: 835 daAuts
   Sewer: 325 daAuts
     D:5: 159 daAuts
